 Dungeon Crawl Stone Soup version 0.24-a0-528-g98e85ec62a (webtiles) character file.

Game seed: 15876188389392008158

14900 Flugkiller the Destroyer (level 11, -8/96 HPs)
             Began as a Deep Elf Fire Elementalist on Aug 5, 2019.
             Was an Elder of Vehumet.
             Killed from afar by a rime drake (18 damage)
             ... with a flash freeze
             ... on level 3 of the Lair of Beasts.
             The game lasted 00:16:54 (15371 turns).

Flugkiller the Destroyer (DEFE)                    Turns: 15371, Time: 00:16:55

Health: -8/96      AC: 25    Str: 11 (13) XL:     11   Next: 94%
Magic:  13/26      EV:  2    Int: 21 (24) God:    Vehumet [****..]
Gold:   1020       SH:  0    Dex: 12 (15) Spells: 15/28 levels left

rFire    . . .     SeeInvis .   L - staff of energy
rCold    . . .     Gourm    .   (no shield)
rNeg     + + +     Faith    +   (armour currently unavailable)
rPois    +         Spirit   .   (helmet currently unavailable)
rElec    .         Reflect  .   (cloak currently unavailable)
rCorr    .         Harm     .   (gloves currently unavailable)
MR       +....     NoTele   +   (boots currently unavailable)
Stlth    ++........             K - amulet of faith
HPRegen  0.26/turn              T - +3 ring of strength
MPRegen  0.20/turn              i - ring of flight

@: mighty, lethally poisoned (-8 -> -14), tree-form, held
A: no striking features
a: Renounce Religion


You were on level 3 of the Lair of Beasts.
You worshipped Vehumet.
Vehumet was greatly pleased with you.
You were not hungry.
You were a tree.
You visited 3 branches of the dungeon, and saw 14 of its levels.
You also visited: Sewer.

You collected 1020 gold pieces.

Inventory:

Hand Weapons
 r - a cursed -1 spear
   (You found it on level 2 of the Dungeon)
 s - a +2 dagger of draining
   (You took it off a kobold on level 2 of the Dungeon)
Armour
 b - a scarf of resistance
   (You found it on level 1 of the Dungeon)
 f - a +2 pair of gloves (melded)
   (You found it on level 1 of the Dungeon)
 j - a +0 buckler
   (You found it on level 1 of the Dungeon)
 x - a +2 robe of magic resistance
   (You found it on level 2 of the Dungeon)
 I - a +1 cloak (melded)
   (You took it off Crazy Yiuf on level 7 of the Dungeon)
 J - a +0 pair of boots (melded)
   (You found it on level 8 of the Dungeon)
 M - the +1 robe "Plog" (melded) {Regen+ Dex+3 Slay+5 SInv}
   (You found it on level 9 of the Dungeon)

   It affects your dexterity (+3).
   It affects your accuracy and damage with ranged weapons and melee attacks
   (+5).
   It lets you see invisible.
   It increases your rate of regeneration.
 S - a +1 helmet (melded)
   (You found it on level 1 of the Lair of Beasts)
Magical Staves
 L - an uncursed staff of energy (weapon)
   (You found it on level 9 of the Dungeon)
Jewellery
 i - a ring of flight (right branch)
   (You found it on level 7 of the Dungeon)
 u - a cursed amulet of inaccuracy {unknown}
   (You found it on level 3 of the Lair of Beasts)
 w - an uncursed ring of resist corrosion
   (You found it on level 2 of the Dungeon)
 K - an amulet of faith (around neck)
   (You found it on level 8 of the Dungeon)
 T - a +3 ring of strength (left branch)
   (You found it on level 2 of the Lair of Beasts)
Wands
 a - a wand of flame (40)
   (You found it on level 5 of the Dungeon)
 t - a wand of disintegration (9)
   (You found it on level 2 of the Dungeon)
 y - a wand of polymorph (17)
   (You took it off Jessica on level 3 of the Dungeon)
 N - a wand of acid (11)
   (You took it off an orc on level 9 of the Dungeon)
Scrolls
 k - a scroll of magic mapping {unknown}
 o - 2 scrolls of fear
 p - 5 scrolls of amnesia
 v - 6 scrolls of teleportation
 D - 7 scrolls of fog
 E - a scroll of immolation {unknown}
 F - a scroll of brand weapon {unknown}
 G - 5 scrolls of remove curse
 H - 3 scrolls of enchant armour
 O - a scroll of blinking {unknown}
 P - a scroll of noise {unknown}
 R - a scroll of vulnerability {unknown}
Potions
 d - 2 potions of lignification
 e - 12 potions of curing
 g - 2 potions of degeneration
 h - 2 potions of cancellation {unknown}
 l - 2 potions of might
 m - 2 potions of mutation
 n - 3 potions of flight {unknown}
 q - 2 potions of invisibility {unknown}
 z - 2 potions of ambrosia {unknown}
 A - 5 potions of agility
 B - 8 potions of haste
 C - 3 potions of brilliance
Miscellaneous
 Q - a phial of floods
   (You found it on level 2 of the Lair of Beasts)
Comestibles
 c - 24 rations


   Skills:
 - Level 6.0 Fighting
 - Level 9.0 Dodging
 - Level 2.4 Stealth
 - Level 4.0 Shields
 - Level 9.0 Spellcasting
 + Level 11.6 Conjurations
 - Level 10.0 Fire Magic
 - Level 5.0 Evocations


You had 15 spell levels left.
You knew the following spells:

 Your Spells              Type           Power        Failure   Level  Hunger
a - Flame Tongue          Conj/Fire      #####        1%          1    None
c - Conjure Flame         Conj/Fire      ######..     1%          3    None
d - Sticky Flame          Conj/Fire      ######..     1%          4    None
e - Fireball              Conj/Fire      ######....   1%          5    None

Your spell library contained the following spells:

 Spells                   Type           Power        Failure   Level  Hunger
 Static Discharge         Conj/Air       ####....     1%          3    None
 Magic Dart               Conj           ####         1%          1    None
 Searing Ray              Conj           ######       1%          2    None
 Throw Flame              Conj/Fire      ######       1%          2    None
 Dazzling Spray           Conj/Hex       ####..       1%          3    None
 Inner Flame              Hex/Fire       ####....     1%          3    None
 Mephitic Cloud           Conj/Pois/Air  ####....     1%          3    None
 Force Lance              Conj/Tloc      ####....     1%          4    None
 Fulminant Prism          Conj/Hex       ####......   1%          4    None
 Iskenderun's Mystic Bla  Conj           ######..     1%          4    None
 Infusion                 Chrm           #...         7%          1    None
 Poisonous Vapours        Pois/Air       #.....       11%         2    None
 Shroud of Golubria       Chrm/Tloc      #.....       11%         2    None
 Song of Slaying          Chrm           #.......     11%         2    None
 Regeneration             Chrm/Necr      #.........   22%         3    None
 Spectral Weapon          Hex/Chrm       #.......     22%         3    None
 Freezing Cloud           Conj/Ice/Air   ####......   47%         6    None
 Ring of Flames           Chrm/Fire      ####......   100%        7    None


Dungeon Overview and Level Annotations

Branches:
Dungeon (10/15)            Temple (1/1) D:7            Lair (3/6) D:10
  Swamp: Lair:2-4    Shoals: Lair:2-4     Snake: Lair:2-4    Spider: Lair:2-4
    Orc: D:9-12

Altars:
Ashenzari
Cheibriados
Dithmenos
Elyvilon
Fedhas
Gozag
Hepliaklqana
Kikubaaqudgha
Makhleb
Nemelex Xobeh
Okawaru
Qazlal
Ru
Sif Muna
Trog
Vehumet
Wu Jian
Xom
Yredelemnul
Zin
The Shining One

Shops:
D:8 :


Message History

* * * LOW HITPOINT WARNING * * *
You are poisoned.
The spiny frog poisons you! The spiny frog barely misses you.
Unknown command.
Casting: Fireball (safe; 1% risk of failure)
Confirm with . or Enter, or press ? or * to list all spells.
Aiming: Fireball (safe; 1% risk of failure)
Press: ? - help, Shift-Dir - straight line, f/p - plant
Aim: a plant (moderately damaged)
Okay, then.
As you read the scroll of fear, it crumbles to dust.
You assume a fearsome visage.
The rime drake looks frightened!
The spiny frog looks frightened!
The bullfrog looks frightened!
The yak looks frightened! x3; You feel sick.
Unknown command.
Unknown command.
You feel sick.
The bullfrog hits the fungus!
The rime drake bites the plant.
The rime drake bites the plant but does no damage.
Cornered, the rime drake turns to fight!
You feel sick.
The jumping spider leaps!
Okay, then.
It was a potion of lignification.
You turn into a tree.
Your +1 cloak melds into your body.
Your +1 helmet melds into your body.
Your +2 pair of gloves melds into your body.
Your +0 pair of boots melds into your body.
The +1 robe "Plog" {Regen+ Dex+3 Slay+5 SInv} melds into your body.
Your roots penetrate the ground.
You feel sick.
Cornered, the spiny frog turns to fight!
The jumping spider pounces on you but does no damage.
The jumping spider bites you but does no damage.
The jumping spider pounces on you!
* * * LOW HITPOINT WARNING * * *
You are caught in a web!
The jumping spider bites you but does no damage.
It was a potion of might.
You feel very mighty all of a sudden.
You feel sick.
The rime drake bites you but does no damage.
The jumping spider barely misses you.
The jumping spider bites you but does no damage.
It was a potion of degeneration.
There was something very wrong with that liquid.
You feel weakened.
You feel dopey.
You feel clumsy.
You feel sick.
The jumping spider pounces on you but does no damage.
The jumping spider bites you.
* * * LOW HITPOINT WARNING * * *
The rime drake breathes ice at you. The flash freeze hits you!!
You die...

.................................
≈.....................##P#####...
≈≈.##..................### ##.P
≈≈≈≈#.....P## .+# ....# #...
#≈≈###.....# ##.# ....# ##.. #≈≈.
+....####P.# ....# ........ #≈≈≈
#....###.P.##....# ....##.. #≈≈
#....P#P...s.+...#. ... P.. #≈
#....Y.Y.Fk♣....... .. ##.. ≈≈≈
#....#..###.......# . ...
≈;≈###....#### ##....>## ...
≈##.#....F.#######P...# ##..
................. ......
................. ......
........YY....... .....
......(.......... .....
#.##.......s.....


You could see 2 yaks, a spiny frog, a rime drake and a jumping spider.

Vanquished Creatures
  A hydra (Lair:3)
  Fannar (Lair:1)
  2 two-headed ogres
  Pikel (D:7)
  An oklob plant (D:9)
  2 black mambas (Lair:1)
  2 spiny frogs
  3 komodo dragons
  Grinder (D:3)
  2 hippogriffs
  Sigmund (D:4)
  16 yaks
  A hungry ghost (D:9)
  5 water moccasins
  7 porcupines
  An ice beast (D:10)
  2 sky beasts (D:9)
  5 orc warriors
  An eye of draining (D:9)
  2 phantoms
  4 ogres
  A centaur (D:5)
  5 wolves (Lair:2)
  2 big kobolds
  4 crocodiles
  5 bullfrogs
  A scorpion (D:9)
  3 killer bees (D:9)
  9 wights
  A howler monkey (D:5)
  A crimson imp (D:9)
  A bullfrog zombie (D:8)
  A centaur zombie (D:9)
  3 hounds
  3 quasits
  A jelly (D:10)
  2 bullfrog skeletons (D:9)
  Crazy Yiuf (D:7)
  9 orc wizards
  2 centaur skeletons
  2 iguanas
  4 orc priests
  Jessica (D:3)
  Natasha (thrice) (D:2)
  9 worker ants
  A hound skeleton (D:6)
  A howler monkey zombie (D:5)
  Robin (D:2)
  6 gnolls
  3 adders
  A howler monkey skeleton (D:10)
  A shadow imp (D:5)
  An adder zombie (D:7)
  5 adder skeletons
  5 worms
  3 dart slugs
  7 leopard geckos
  40 orcs
  8 giant cockroaches
  13 goblins
  10 hobgoblins
  11 jackals
  3 quokkas
  4 ball pythons
  11 bats
  2 frilled lizards
  14 kobolds
  10 rats
296 creatures vanquished.

Vanquished Creatures (others)
  A fungus (Lair:3)
  2 plants
3 creatures vanquished.

Grand Total: 299 creatures vanquished

Notes
Turn   | Place    | Note
-------+----------+-------------------------------------------
     0 | D:1      | Flugkiller the Deep Elf Fire Elementalist began the quest
                  | for the Orb.
     0 | D:1      | Reached XP level 1. HP: 10/10 MP: 6/6
   386 | D:1      | Reached XP level 2. HP: 15/15 MP: 6/8
   730 | D:1      | Reached skill level 2 in Conjurations
  1043 | D:2      | Noticed Natasha
  1047 | D:2      | Killed Natasha
  1047 | D:2      | Reached XP level 3. HP: 19/19 MP: 6/10
  1176 | D:2      | Noticed Natasha
  1179 | D:2      | Killed Natasha
  1179 | D:2      | Reached XP level 4. HP: 24/24 MP: 5/11
  1213 | D:2      | Learned a level 3 spell: Conjure Flame
  1218 | D:2      | Learned a level 4 spell: Sticky Flame
  1223 | D:2      | Noticed Natasha
  1228 | D:2      | Killed Natasha
  1228 | D:2      | Reached skill level 3 in Conjurations
  1281 | D:2      | Found a deep blue altar of Sif Muna.
  1457 | D:2      | Noticed Robin
  1739 | D:2      | Killed Robin
  1739 | D:2      | Reached XP level 5. HP: 28/28 MP: 7/13
  2527 | D:3      | Found a white marble altar of Elyvilon.
  2738 | D:3      | Noticed Grinder
  2745 | D:3      | Killed Grinder
  2745 | D:3      | Reached skill level 4 in Conjurations
  2745 | D:3      | Reached skill level 5 in Fire Magic
  2745 | D:3      | Reached XP level 6. HP: 16/32 MP: 6/15
  2810 | D:3      | Learned a level 5 spell: Fireball
  2945 | D:3      | Noticed Jessica
  2947 | D:3      | Killed Jessica
  3182 | D:4      | Reached skill level 5 in Spellcasting
  3185 | D:4      | Noticed Sigmund
  3195 | D:4      | Killed Sigmund
  3195 | D:4      | Reached skill level 5 in Conjurations
  3195 | D:4      | Reached XP level 7. HP: 36/36 MP: 9/17
  3765 | D:4      | Reached skill level 6 in Conjurations
  4176 | D:4      | Found an ancient bone altar of Kikubaaqudgha.
  4256 | D:5      | Entered Level 5 of the Dungeon
  4485 | D:5      | Reached XP level 8. HP: 41/41 MP: 14/19
  5004 | D:5      | Reached skill level 7 in Conjurations
  5936 | D:6      | Found a glowing drain.
  5956 | Sewer    | Entered a sewer
  6976 | D:7      | Noticed Pikel
  6982 | D:7      | Killed Pikel
  6982 | D:7      | Reached skill level 8 in Conjurations
  6982 | D:7      | Reached XP level 9. HP: 42/45 MP: 6/22
  7008 | D:7      | Found a staircase to the Ecumenical Temple.
  7024 | Temple   | Entered the Ecumenical Temple
  7109 | Temple   | Became a worshipper of Vehumet
  7369 | D:7      | Found a shimmering altar of Xom.
  7538 | D:7      | Found a runed translucent door.
  7539 | D:7      | Noticed Crazy Yiuf
  7934 | D:7      | Killed Crazy Yiuf
  8140 | D:8      | Reached skill level 9 in Conjurations
  8639 | D:8      | Found Fugu Qor's Book Shop.
  8674 | D:8      | Reached * piety under Vehumet
  8674 | D:8      | Offered knowledge of Sting by Vehumet.
  9017 | D:8      | Reached skill level 10 in Fire Magic
  9494 | D:9      | Got a heavy robe
  9512 | D:9      | Identified the +1 robe "Plog" {Regen+ Dex+3 Slay+5 SInv}
                  | (You found it on level 9 of the Dungeon)
  9590 | D:9      | Noticed an oklob plant
  9609 | D:9      | Noticed a two-headed ogre
  9871 | D:9      | Reached skill level 10 in Conjurations
  9874 | D:9      | Found a burning altar of Makhleb.
  9908 | D:9      | Killed an oklob plant
  9908 | D:9      | Reached skill level 1 in Fighting
  9908 | D:9      | Reached skill level 1 in Evocations
  9908 | D:9      | Reached XP level 10. HP: 30/52 MP: 0/25
 10525 | D:9      | Offered knowledge of Sandblast by Vehumet.
 10570 | D:9      | Reached ** piety under Vehumet
 10664 | D:9      | Found a hazy altar of Hepliaklqana.
 10665 | D:9      | Found an iron altar of Okawaru.
 10958 | D:9      | Found a bloodstained altar of Trog.
 11050 | D:9      | Killed a two-headed ogre
 11050 | D:9      | Reached skill level 5 in Dodging
 11614 | D:10     | Entered Level 10 of the Dungeon
 11699 | D:10     | Reached skill level 5 in Evocations
 12084 | D:10     | Offered knowledge of Ignite Poison by Vehumet.
 12103 | D:10     | Found a staircase to the Lair.
 12165 | D:10     | Noticed a two-headed ogre
 12170 | D:10     | Killed a two-headed ogre
 12213 | D:10     | Reached *** piety under Vehumet
 12463 | Lair:1   | Entered Level 1 of the Lair of Beasts
 12467 | Lair:1   | Noticed a black mamba
 12473 | Lair:1   | Reached XP level 11. HP: 61/62 MP: 4/26
 12475 | Lair:1   | Reached skill level 5 in Fighting
 12885 | Lair:1   | Offered knowledge of Olgreb's Toxic Radiance by Vehumet.
 13204 | Lair:1   | You fall into a shaft and drop 1 floor!
 13443 | Lair:1   | Noticed Fannar
 13495 | Lair:2   | Reached skill level 1 in Shields
 13580 | Lair:2   | Reached **** piety under Vehumet
 13832 | Lair:2   | Offered knowledge of Static Discharge by Vehumet.
 14721 | Lair:1   | Killed Fannar
 14721 | Lair:1   | Reached skill level 11 in Conjurations
 15240 | Lair:3   | Noticed an eight-headed hydra
 15244 | Lair:3   | Killed an eight-headed hydra
 15371 | Lair:3   | Killed from afar by a rime drake

Levels and vault maps discovered:
D:1:      lightli_arrival_maybe_door_vault, layout_basic
D:2:      layout_basic, led_sif_pool, guppyfry_early_lair_pool, uniq_natasha,
          uniq_robin
D:3:      layout_basic, minmay_door_square, elyvilon_altar_1, uniq_grinder,
          uniq_jessica
D:4:      layout_loops_ring, lemuel_coloured_pillars_altar, uniq_sigmund
D:5:      layout_basic, first_ration
D:6:      layout_rooms, cheibrodos_sewer_entry_drain, minmay_small_thing
D:7:      layout_cave_pods, kennysheep_mini, minmay_temple_entry_mist,
          uniq_pikel, uniq_crazy_yiuf_cottage
D:8:      layout_loops_ring, serial_shops, shop, grunt_pizzeria
D:9:      layout_basic, kennysheep_little_box, minitemple, lemuel_oklob_altar
D:10:     layout_irregular_city, lair_entry_dummy, minivault_1
Temple:   eino_temple_rhombus
Lair:1:   layout_layer_cave, uniq_fannar
Lair:2:   layout_concentric_octagons, st_stairs_9, lemuel_fruit_fields
Lair:3:   layout_regular_city, minmay_shoals_entry_hut,
          nicolae_spider_entry_tight_spaces, lemuel_fruit_fields,
          infiniplex_staircase_pool

Skill      XL: |  1  2  3  4  5  6  7  8  9 10 11 |
---------------+----------------------------------+-----
Conjurations   | 2 3 4 5 6 8 10 11 | 11.6
Fire Magic     | 4 5 6 7 9 10 | 10.0
Spellcasting   | 4 5 6 7 9 |  9.0
Fighting       | 1 4 6 |  6.0
Dodging        | 3 7 9 |  9.0
Evocations     | 1 5 |  5.0
Shields        | 4 |  4.0
Stealth        | |  2.4

Action                   |  1- 3 |  4- 6 |  7- 9 | 10-12 || total
-------------------------+-------+-------+-------+-------++-------
Melee: Dagger            |       |     3 |    40 |    50 ||    93
       Staff             |       |       |       |     3 ||     3
 Cast: Flame Tongue      |    38 |    89 |   320 |   191 ||   638
       Sticky Flame      |       |     1 |    19 |    24 ||    44
       Fireball          |       |       |    12 |    53 ||    65
       Conjure Flame     |       |       |     6 |     7 ||    13
Evoke: Wand              |       |       |     2 |     3 ||     5
  Use: Scroll            |       |       |    11 |     3 ||    14
       Potion            |       |       |       |     3 ||     3
 Stab: Sleeping          |       |       |     2 |       ||     2
  Eat: Chunk             |     1 |     6 |    20 |    14 ||    41
       Ration            |       |       |     1 |     2 ||     3
Armor: Robe              |     2 |     6 |    73 |    39 ||   120
       Skin              |       |       |       |     6 ||     6
Dodge: Dodged            |    13 |    31 |   143 |   168 ||   355

Table legend:
 A = Non-vault XP
 B = Vault XP
 C = Vault XP percentage of total XP
 D = Non-vault monster count
 E = Vault monster count
 F = Vault count percentage of total count
                 A         B        C        D         E       F
            +---------+---------+-------+---------+---------+-------
      Total |   17673 |    3614 |  17.0 |     252 |      44 |  14.9
            +---------+---------+-------+---------+---------+-------
        D:1 |      29 |       6 |  17.1 |      20 |       3 |  13.0
        D:2 |     128 |      67 |  34.4 |      21 |      11 |  34.4
        D:3 |      36 |     323 |  90.0 |      13 |       2 |  13.3
        D:4 |     554 |     231 |  29.4 |      30 |       1 |   3.2
        D:5 |     660 |       0 |   0.0 |      22 |       0 |   0.0
        D:6 |     241 |      63 |  20.7 |      12 |       4 |  25.0
        D:7 |     377 |     704 |  65.1 |       9 |       2 |  18.2
        D:8 |     951 |     129 |  11.9 |      22 |       1 |   4.3
        D:9 |    3749 |     550 |  12.8 |      43 |       1 |   2.3
       D:10 |    1934 |       0 |   0.0 |      18 |       0 |   0.0
     Lair:1 |    3472 |     997 |  22.3 |      15 |       1 |   6.2
     Lair:2 |    3904 |     512 |  11.6 |      21 |       2 |   8.7
     Lair:3 |    1638 |       0 |   0.0 |       6 |       0 |   0.0
      Sewer |       0 |      32 | 100.0 |       0 |      16 | 100.0
            +---------+---------+-------+---------+---------+-------
